 Dungeon Crawl Stone Soup version 0.20-a0-901-g27f6fa8 (webtiles) character file.

55 Foodle the Slasher (level 3, -6/23 HPs)
             Began as a Tengu Monk on Mar 19, 2017.
             Mangled by a hobgoblin (7 damage)
             ... led by Robin
             ... on level 2 of the Dungeon.
             The game lasted 00:07:27 (1727 turns).

Foodle the Slasher (Tengu Monk)                     Turns: 1727, Time: 00:07:27

Health: -6/23      AC:  3    Str: 11    XL:     3   Next: 93%
Magic:  4/4        EV: 13    Int: 10    God:
Gold:   46         SH:  0    Dex: 17    Spells: 2/2 levels left

rFire    . . .     SeeInvis .   a - +0 falchion
rCold    . . .     Gourm    .   j - +0 leather armour
rNeg     . . .     Faith    .   (no shield)
rPois    .         Spirit   .   (helmet restricted)
rElec    .         Reflect  .   (no cloak)
rCorr    .         Harm     .   (no gloves)
MR       .....                  (boots unavailable)
Stlth    ++........             (no amulet)
Regen    0.1/turn               (no ring)
MPRegen  0.1/turn               h - ring of flight

@: about to teleport
A: beak, talons 3
a: Evoke Flight


You were on level 2 of the Dungeon.
You were not hungry.

You visited 1 branch of the dungeon, and saw 2 of its levels.

You collected 46 gold pieces.

Inventory:

Hand Weapons
 a - a +0 falchion (weapon)
Armour
 b - a +0 robe
 j - a +0 leather armour (worn)
Jewellery
 h - a ring of flight (left hand)
Scrolls
 f - a scroll of recharging {unknown}
 k - a scroll of remove curse {unknown}
 l - a scroll of immolation {unknown}
 m - a scroll of identify {unknown}
Potions
 g - 3 potions of curing {unknown}
 i - a potion of lignification {unknown}
Comestibles
 c - 4 bread rations
 d - 2 royal jellies


   Skills:
 - Level 3.0 Fighting
 + Level 5.2 Long Blades
 - Level 3.2 Dodging
 - Level 2.0 Stealth


You had 2 spell levels left.
You didn't know any spells.

Dungeon Overview and Level Annotations

Branches:
Dungeon (2/15)

Altars:

Annotations:
D:2 Jessica, Robin


Innate Abilities, Weirdness & Mutations

You have a beak for a mouth.
You have claws for feet.


Message History

* * * LOW HITPOINT WARNING * * *
Unknown command.
You closely miss the goblin. The goblin completely misses you.
Your leather armour prevents you from hitting the goblin.
You claw the goblin.
The goblin is heavily wounded.
The goblin barely misses you.
A goblin comes into view. It is wielding a dagger.
The goblin shouts!
You hit the goblin.
You kill the goblin!
Robin closely misses you.
As you read the scroll of teleportation, it crumbles to dust.
You feel strangely unstable.
Robin's horned helmet rattles.
Robin hits you but does no damage.
Robin roars a battlecry!
The goblins go into a battle-frenzy!
The hobgoblin hits you!
You die...

..#.# ..#†######
.........#########
.................#
........(........#
.................#
###+###..........#
# #.....)....# #
#.....)..g@# #
#.....g$gg.# #
.....####### #
####. ## # .# .#
..# #.#


You could see Robin, a hobgoblin and 2 goblins.

Vanquished Creatures
  A gnoll (D:1)
  An adder (D:2)
  A leopard gecko (D:1)
  A giant cockroach (D:1)
  8 goblins
  5 hobgoblins
  2 jackals (D:2)
  3 bats (D:1)
  4 kobolds
  7 rats
  8 plants (D:1)
41 creatures vanquished.

Notes
Turn   | Place    | Note
-------+----------+-------------------------------------------
     0 | D:1      | Foodle the Tengu Monk began the quest for the Orb.
     0 | D:1      | Reached XP level 1. HP: 14/14 MP: 2/2
   290 | D:1      | Reached XP level 2. HP: 19/19 MP: 3/3
   292 | D:1      | Reached skill level 4 in Long Blades
  1315 | D:1      | Reached XP level 3. HP: 13/23 MP: 4/4
  1503 | D:2      | Noticed Jessica
  1626 | D:2      | Reached skill level 5 in Long Blades
  1677 | D:2      | HP: 1/23 [hobgoblin[Robin] (4)]
  1693 | D:2      | HP: 1/23 [goblin/club[Robin] (1)]
  1716 | D:2      | Noticed Robin
  1720 | D:2      | HP: 1/23 [goblin[Robin] (1)]
  1727 | D:2      | Mangled by a hobgoblin

Vault maps used:
D:1:      shiori_shiawase, grunt_decor_mini_mirrors, supply_closet_lemuel,
          wad_woods_river_04, minmay_quantized
D:2:      kennysheep_slug_shrine, first_bread, uniq_robin, uniq_jessica

Skill      XL: |  1  2  3 |
---------------+----------+-----
Long Blades    | 4 5 |  5.2
Fighting       | |  3.0
Dodging        | |  3.2
Stealth        | |  2.0

Action                   || total
-------------------------++-------
Melee: Falchion          ||   432
       Peck              ||   120
       Kick              ||   221
  Use: Scroll            ||     2
  Eat: Royal jelly       ||     1
       Meat ration       ||     1
Armor: Robe              ||     2
       Leather armour    ||    11
Dodge: Dodged            ||    46
       Rpst.: Falchion   ||    15
